Unix NetHack Version 5.0.0-0 post-release - last build May 17 2026 04:57:42 (dc50c8380fa5e20985bfe3072449f57b8d9895ef,branch:main).

Game began 2026-05-20 03:27:00, ended 2026-05-20 03:41:13.

ArrBianca, lawful female dwarven Archeologist

                    --------
                    |.......#
                    |......|#
                    |...._.|#
                    |<.....|#
                    --------###                                  -------------
                           ###                                   |.@%%*.([)(%|
                             #                                 #(-..")?.?@??)|
                             ##                                 #|.!%!).?%m*(|
                              #                          ########-------------
                              # -.---------        #######
                              ##|..........#########
                               #|.........|
                               #..........|
                                |.._......|
                                -----------

ArrBianca the Field Worker  St:14 Dx:10 Co:11 In:16 Wi:13 Ch:14  Lawful
Dlvl:6  $:0  HP:0(25) Pw:3(3) AC:9  Xp:3 T:1709  Burdened

Latest messages:
 "For you, most gracious lady; only 2 zorkmids for this sack."
 N - a sack (unpaid, 2 zorkmids).
 You see here a tin (for sale, 6 zorkmids).
 You have a little trouble lifting a tin.  Continue? [ynq] (q) y
 "For you, most gracious lady; only 6 zorkmids for this tin."
 You have a little trouble lifting O - a tin (unpaid, 6 zorkmids).
 Your movements are slowed slightly because of your load.
 You see here a studded leather armor (for sale, 15 zorkmids).
 "For you, most gracious lady; only 15 zorkmids for this studded leather armor."
 You have a little trouble lifting P - a studded leather armor (unpaid, 15 zorkmids).
 You see here a glass orb (for sale, 80 zorkmids).
 You see here a scroll labeled PHOL ENDE WODAN (for sale, 100 zorkmids).
 You see here a scroll labeled XIXAXA XOXAXA XUXAXA (for sale, 133 zorkmids).
 "For you, honored lady; only 133 zorkmids for this scroll labeled XIXAXA XOXAXA XUXAXA."
 You decipher the label on Inuvik's scroll labeled XIXAXA XOXAXA XUXAXA.
 You have a little trouble lifting Q - a scroll of fire (unpaid, 133 zorkmids).
 What do you want to drop? [$a-df-hjkmnpqsu-wyzAC-EH-LN-Q or ?*] Q
 You drop a scroll of fire (unpaid, 133 zorkmids).
 You see here a scroll labeled PHOL ENDE WODAN (for sale, 100 zorkmids).
 "For you, honored lady; only 100 zorkmids for this scroll labeled PHOL ENDE WODAN."
 You decipher the label on Inuvik's scroll labeled PHOL ENDE WODAN.
 You have a little trouble lifting R - a scroll of gold detection (unpaid, 100 zorkmids).
 What do you want to drop? [$a-df-hjkmnpqsu-wyzAC-EH-LN-PR or ?*] R
 You drop a scroll of gold detection (unpaid, 100 zorkmids).
 You see here a glass orb (for sale, 80 zorkmids).
 You see here a banded mail (for sale, 90 zorkmids).
 You see here a flail (for sale, 4 zorkmids).
 You find a large mimic.
 You already found a monster.  Use 'm' prefix to force another search.
 You see here a fortune cookie (for sale, 7 zorkmids).
 You see here a flail (for sale, 4 zorkmids).
 You see here a banded mail (for sale, 90 zorkmids).
 You see here a flail (for sale, 4 zorkmids).
 The large mimic hits!
 The large mimic hits!
 You cannot escape from the large mimic!
 Are you sure you want to pray? [yn] (n) y
 You begin praying to Quetzalcoatl.
 You are surrounded by a shimmering light.
 You finish your prayer.
 You feel that Quetzalcoatl is well-pleased.
 Your bullwhip softly glows with a light blue aura.
 You cannot escape from the large mimic!
 You cannot escape from the large mimic!
 The large mimic hits!
 You cannot escape from the large mimic!
 The large mimic hits!
 You die...
 Inuvik comes and takes all your possessions.
 Do you want to see what you had when you died? [ynq] (y) q

Inventory:
 Weapons  (')')
  p - a +0 orcish dagger
  a - a blessed +2 bullwhip (weapon in right hand)
 Armor    ('[')
  c - an uncursed +0 fedora (being worn)
  b - an uncursed +0 leather jacket (being worn)
  P - an uncursed +0 studded leather armor
 Comestibles  ('%')
  d - 4 uncursed food rations
  s - 3 uncursed tripe rations
  O - a blessed tin of szechuan newt meat
 Scrolls  ('?')
  m - an uncursed scroll of enchant armor
  j - an uncursed scroll of identify
  L - an uncursed scroll of identify
  A - a cursed scroll of light
  u - an uncursed scroll of remove curse
 Spellbooks  ('+')
  n - an uncursed spellbook of healing
  H - an uncursed spellbook of healing
  K - an uncursed spellbook of invisibility
  C - an uncursed spellbook of remove curse
 Potions  ('!')
  J - an uncursed potion of extra healing
  I - a cursed potion of gain energy
  w - an uncursed potion of monster detection
  q - a blessed potion of speed
  v - an uncursed potion of water
 Rings    ('=')
  E - an uncursed ring of see invisible (on left hand)
 Tools    ('(')
  h - an empty uncursed sack
  N - an empty uncursed sack
  D - an uncursed oil lamp
  z - an uncursed pair of lenses
  k - an uncursed skeleton key
  f - a tinning kit (0:84)
  y - an uncursed towel
 Gems/Stones  ('*')
  g - an uncursed touchstone

ArrBianca the Archeologist's attributes:

Background:
 You were a Field Worker, a level 3 female dwarven Archeologist.
 You were lawful, on a mission for Quetzalcoatl
 who was opposed by Camaxtli (neutral) and Huhetotl (chaotic).
 You were right-handed.
 You were in the Dungeons of Doom, on level 6.
 You entered the dungeon 1709 turns ago.
 It was nighttime.
 You had 44 experience points, 36 more were needed to attain level 4.

Basics:
 You had 0 out of 25 hit points.
 You had all 3 energy points (spell power).
 Your armor class was 9.
 Your wallet was empty.
 Autopickup was on, but temporarily disabled while inside the shop.

Final Characteristics:
 Your strength was 14 (limit:18/100).
 Your dexterity was 10 (limit:20).
 Your constitution was 11 (limit:20).
 Your intelligence was 16 (limit:16).
 Your wisdom was 13 (limit:16).
 Your charisma was 14 (limit:16).

Final Status:
 You were held by a large mimic (southeast).
 You weren't hungry.
 You were burdened; movement was slightly slowed.
 You were wielding a whip.
 You had basic skill with whip.

Final Attributes:
 You were devoutly aligned.
 You saw invisible.
 You had automatic searching.
 You had infravision.
 You were lucky.
 You are dead.

Miscellaneous:
 You didn't encounter any bones levels.
 Total elapsed playing time was 14 minutes and 13 seconds.

Major events:
 Turn
    1: ArrBianca the lawful female dwarven Archeologist entered the dungeon
 1498: attained the rank of Field Worker (level 3)
 1709: killed by a large mimic

Spells:
 Name                 Level Category     Fail Retention
 healing                1   healing        0%  76%-100%
 remove curse           3   clerical     100%  76%-100%
 invisibility           4   escape       100%  76%-100%

Skills:
 Fighting Skills
   bare handed combat [Unskilled]
   two weapon combat  [Unskilled]
   riding             [Unskilled]
 Weapon Skills
   dagger             [Unskilled]
   knife              [Unskilled]
   pick-axe           [Basic]
   short sword        [Unskilled]
   saber              [Unskilled]
   club               [Unskilled]
   quarterstaff       [Unskilled]
   sling              [Unskilled]
   dart               [Unskilled]
   boomerang          [Unskilled]
   whip               [Basic]
   unicorn horn       [Unskilled]
 Spellcasting Skills
   attack spells      [Unskilled]
   healing spells     [Unskilled]
   divination spells  [Unskilled]
   matter spells      [Unskilled]

Voluntary challenges:
 Character rerolling was not enabled.
 You never genocided any monsters.
 You never polymorphed an object.
 You never changed form.
 You used no wishes.
Achievements:
 You entered a shop.
 You attained the rank of Field Worker.

 The Dungeons of Doom: levels 1 to 6
    Level 1:
       A fountain.
    Level 2:
       A general store.
    Level 3:
       A sink, a grave.
    Level 4:
    Level 5:
       A fountain.
    Level 6: <- You were here.
       A general store, some altars.
       Final resting place for
          you, killed by a large mimic.


Vanquished creatures:
  a little dog
 an iguana
  a manes
  a large kobold
  a cave spider
  2 geckos
  2 jackals
  2 goblins
  a sewer rat
  2 grid bugs
  a bat
  a kobold zombie
  7 newts
23 creatures vanquished.

No species were genocided or became extinct.

Game over:
                       ----------
                      /          \
                     /    REST    \
                    /      IN      \
                   /     PEACE      \
                  /                  \
                  |    ArrBianca     |
                  |       0 Au       |
                  |   killed by a    |
                  |   large mimic    |
                  |                  |
                  |                  |
                  |       2026       |
                 *|     *  *  *      | *
        _________)/\\_//(\/(/\)/\//\/|_)_______

Goodbye ArrBianca the Archeologist...

You died in The Dungeons of Doom on dungeon level 6 with 426 points,
and 0 pieces of gold, after 1709 moves.
You were level 3 with a maximum of 25 hit points when you died.

